 Dungeon Crawl Stone Soup version 0.29-a0-775-g4d7333d4e2 (webtiles) character file.

Game seed: 172122627421170393

2442 Mesmaeker13 the Spear-Bearer (level 9, 0/123 HPs)
             Began as a Minotaur Gladiator on July 1, 2022.
             Was an Initiate of Yredelemnul.
             Slain by a hornet (13 damage)
             ... on level 7 of the Dungeon.
             The game lasted 00:09:07 (6378 turns).

Mesmaeker13 the Spear-Bearer (Minotaur Gladiator)   Turns: 6378, Time: 00:09:08

Health: 0/123      AC: 11    Str: 20    XL:     9   Next: 25%
Magic:  10/10      EV: 13    Int:  7    God:    Yredelemnul [......]
Gold:   566        SH:  0    Dex: 19    Spells: 8/8 levels left

rFire   . . .      SeeInvis .   a - +1 trident (elec)
rCold   . . .      Faith    .   (no shield)
rNeg    . . .      Spirit   .   v - +3 ring mail
rPois   .          Reflect  .   c - +0 hat
rElec   .          Harm     .   (no cloak)
rCorr   +          Rampage  .   (no gloves)
Will    .....                   s - +0 pair of boots
Stlth   ..........              (no amulet)
HPRegen 0.30/turn               E - ring of resist corrosion
MPRegen 0.12/turn               y - +6 ring of dexterity

@: berserking (expiring), lethally poisoned (0 -> -7), slowed
A: horns 2, retaliatory headbutt
a: Renounce Religion, Recall Undead Harvest


You were on level 7 of the Dungeon.
You worshipped Yredelemnul.
Yredelemnul was noncommittal.
You visited 2 branches of the dungeon, and saw 8 of its levels.

You collected 566 gold pieces.

Inventory:

Hand Weapons
 a - a +1 trident of electrocution (weapon)
 d - a +0 broad axe of flaming
 h - a +0 sling
Missiles
 e - a javelin
 t - 15 poisoned darts (quivered)
Armour
 b - a +0 leather armour
 c - a +0 hat (worn)
 p - a +0 tower shield
 s - a +0 pair of boots (worn)
 v - a +3 ring mail (worn)
 H - a +0 chain mail
Jewellery
 f - a +6 ring of intelligence
 y - a +6 ring of dexterity (right hand)
 E - a ring of resist corrosion (left hand)
Wands
 K - a wand of flame (13)
Scrolls
 i - 2 scrolls of poison
 j - 5 scrolls of blinking
 m - 3 scrolls of fear
 n - a scroll of enchant weapon
 o - a scroll of vulnerability
 r - 3 scrolls of teleportation {unknown}
 u - a scroll of acquirement {unknown}
 w - a scroll of fog
 A - a scroll of identify
 D - 2 scrolls of immolation
 F - a scroll of summoning
 G - 3 scrolls of enchant armour {unknown}
Potions
 g - a potion of haste {unknown}
 k - 3 potions of attraction
 l - 2 potions of resistance
 q - 3 potions of heal wounds {unknown}
 x - 6 potions of flight
 z - a potion of curing
 B - 3 potions of mutation
 C - a potion of experience {unknown}
 I - 2 potions of cancellation {unknown}


   Skills:
 + Level 8.6 Fighting
 + Level 9.1 Polearms
 - Level 2.0 Throwing
 + Level 7.4 Armour
 - Level 4.4 Dodging
 + Level 3.2 Invocations


You had 8 spell levels left.
You didn't know any spells.
Your spell library contained the following spells:

 Spells                   Type           Power      Damage    Failure   Level
 Apportation              Tloc           0%         N/A       58%         1
 Necrotize                Necr           0%         1d4       58%         1
 Summon Small Mammal      Summ           0%         N/A       58%         1
 Conjure Flame            Conj/Fire      0%         6-21      91%         3
 Dazzling Flash           Conj/Hex       0%         N/A       91%         3
 Gell's Gravitas          Tloc           0%         N/A       91%         3
 Ignite Poison            Fire/Tmut/Pois 0%         N/A       91%         3
 Ozocubu's Armour         Ice            0%         N/A       91%         3
 Teleport Other           Tloc           0%         N/A       91%         3
 Sticky Flame             Conj/Fire      0%         2d3       100%        4
 Agony                    Necr           0%         N/A       100%        5
 Silence                  Hex/Air        0%         N/A       100%        5
 Dispersal                Tloc           0%         N/A       100%        6
 Ozocubu's Refrigeration  Ice            0%         4d5       100%        7


Dungeon Overview and Level Annotations

Branches:
Dungeon (7/15)             Temple (1/1) D:5

Altars:
Ashenzari
Cheibriados
Dithmenos
Elyvilon
Fedhas
Gozag
Kikubaaqudgha
Nemelex Xobeh
Okawaru
Qazlal
Ru
Sif Muna
Uskayaw
Wu Jian
Yredelemnul
Zin

Shops:
D:2 *   D:3 *


Innate Abilities, Weirdness & Mutations

You have a pair of horns on your head.
You reflexively headbutt those who attack you in melee.


Message History

You are more poisoned.
You feel as though you will be slow longer.
The hornet closely misses you. You furiously retaliate!
You headbutt the hornet.
You feel better. The hornet stings you.
You feel as though you will be slow longer.
The hornet misses you.
A red film seems to cover your vision as you go berserk!
You feel yourself moving faster!
You feel mighty! The hornet stings you.
* * * LOW HITPOINT WARNING * * *
You feel as though you will be slow longer.
The hornet stings you.
* * * LOW HITPOINT WARNING * * *
You feel as though you will be slow longer.
You miss the hornet.
The hornet is severely wounded.
The hornet stings you.
* * * LOW HITPOINT WARNING * * *
You feel as though you will be slow longer.
You closely miss the hornet.
The hornet is severely wounded.
The hornet misses you.
You barely miss the hornet. Your headbutt misses the hornet.
The hornet is severely wounded.
The hornet stings you.
* * * LOW HITPOINT WARNING * * *
You are poisoned.
You feel as though you will be slow longer.
The hornet stings you but does no damage.
You barely miss the hornet. Your headbutt misses the hornet.
The hornet is severely wounded.
You feel very sick. The hornet stings you.
* * * LOW HITPOINT WARNING * * *
You feel as though you will be slow longer.
You puncture the hornet!
The hornet is almost dead.
You feel sick. The hornet stings you!
You die...
Your body rises from the dead as a mindless zombie.

#### #..
#######.##############
Z.....#..##.....@yc..#
##.......##..##.####.#
.##...##.Z...##.#....#
..##..##...#....#.####
...##....#.Z..###
###############


You could see a hornet and a centaur.

Vanquished Creatures
  Maggie (D:7)
  Grinder (D:6)
  A wyvern (D:7)
  Eustachio (D:6)
  A sky beast (D:7)
  2 black bears
  An ogre (D:5)
  2 ice beasts (D:7)
  A centaur (D:5)
  A bullfrog (D:7)
  A kobold brigand (D:6)
  A scorpion (D:5)
  A howler monkey (D:7)
  4 hounds
  2 orc priests
  A bouda (D:7)
  3 iguanas
  4 orc wizards
  6 gnolls
  13 adders
  2 white imps
  An ufetubus (D:7)
  A worm (D:2)
  11 orcs
  8 ball pythons
  6 endoplasms
  6 giant cockroaches
  4 goblins
  10 hobgoblins
  4 jackals (D:2)
  7 kobolds
  2 quokkas
  2 bats (D:1)
  4 frilled lizards
  5 rats
121 creatures vanquished.

Vanquished Creatures (collateral kills)
  A phantom (D:5)
  A bullfrog (D:6)
  A jelly (D:6)
  A white imp (D:7)
  An orc (D:7)
  A kobold (D:6)
6 creatures vanquished.

Vanquished Creatures (others)
  A bullfrog zombie (D:7)
  A scorpion zombie (D:5)
  An ice beast zombie (D:7)
  A human zombie (D:7)
  A hound zombie (D:6)
  A howler monkey zombie (D:7)
  3 gnoll zombies (D:7)
  A spectral white imp (D:7)
  An adder zombie (D:6)
  6 orc zombies
17 creatures vanquished.

Grand Total: 144 creatures vanquished

Notes
Turn   | Place    | Note
-------+----------+-------------------------------------------
     0 | D:1      | Mesmaeker13 the Minotaur Gladiator began the quest for the
                  | Orb.
     0 | D:1      | Reached XP level 1. HP: 18/18 MP: 0/0
   201 | D:1      | Reached XP level 2. HP: 25/25 MP: 1/1
   272 | D:1      | Reached skill level 4 in Polearms
   469 | D:1      | Reached XP level 3. HP: 31/31 MP: 2/2
   997 | D:2      | Found Wecuz's Assorted Antiques.
  1148 | D:1      | Reached XP level 4. HP: 29/40 MP: 3/3
  1528 | D:2      | Found a faded altar of an unknown god.
  1760 | D:3      | Found an opulent altar of Gozag.
  1842 | D:3      | Found Tuwooman's General Store.
  2022 | D:3      | Reached XP level 5. HP: 45/46 MP: 4/4
  2028 | D:3      | Reached skill level 5 in Polearms
  2834 | D:4      | Reached skill level 1 in Armour
  3024 | D:4      | Found an ornate altar of the Wu Jian Council.
  3382 | D:4      | Reached XP level 6. HP: 50/55 MP: 5/5
  3639 | D:5      | Entered Level 5 of the Dungeon
  3650 | D:5      | Reached skill level 5 in Fighting
  3735 | D:5      | Found a broken altar of Ashenzari.
  3799 | D:5      | Reached skill level 6 in Polearms
  3912 | D:5      | Found a sparkling altar of Nemelex Xobeh.
  3925 | D:5      | Found a white marble altar of Elyvilon.
  3990 | D:5      | Found a staircase to the Ecumenical Temple.
  3999 | Temple   | Entered the Ecumenical Temple
  4078 | Temple   | Became a worshipper of Yredelemnul the Dark
  4131 | D:5      | Reached XP level 7. HP: 48/62 MP: 6/6
  4345 | D:5      | Reached * piety under Yredelemnul
  4570 | D:5      | Reached skill level 7 in Polearms
  4870 | D:6      | Found a shadowy altar of Dithmenos.
  4891 | D:6      | Noticed Grinder
  4900 | D:6      | Paralysed by Grinder for 4 turns
  4905 | D:6      | Killed Grinder
  4906 | D:6      | Reached skill level 5 in Armour
  4906 | D:6      | Reached XP level 8. HP: 37/71 MP: 7/7
  5199 | D:6      | Reached ** piety under Yredelemnul
  5517 | D:6      | Noticed Eustachio
  5527 | D:6      | Killed Eustachio
  5528 | D:6      | Reached skill level 8 in Polearms
  5687 | D:6      | Reached skill level 1 in Invocations
  5774 | D:7      | Noticed Maggie
  5786 | D:7      | Killed Maggie
  5979 | D:7      | Reached XP level 9. HP: 81/81 MP: 9/9
  6099 | D:7      | Your ally Maggie died
  6125 | D:7      | Reached skill level 9 in Polearms
  6366 | D:7      | Paralysed by a hornet for 2 turns
  6378 | D:7      | Slain by a hornet

Illustrated notes

Levels and vault maps discovered:
D:1:      scummos_arrival_gate, layout_basic, minmay_misc_feat_encased,
          minmay_cupped
D:2:      layout_basic, serial_shops, nicolae_shop_stone,
          shapermc_ecumenical_altar_totnotflames
D:3:      layout_basic, nicolae_gozag_seed_capital, serial_shops, shop,
          st_stairs_3, due_unseen_surprise
D:4:      layout_loops_cross, nzn_wu_jian_contemplation, st_stairs_4
D:5:      layout_gridville, amcnicky_altar_gilded,
          mainiacjoe_overflow_large_starburst, minmay_temple_entry_waves,
          minivault_4
D:6:      layout_basic, nicolae_overflow_crystal_walls, uniq_grinder,
          uniq_eustachio
D:7:      minmay_thinvault, layout_basic, lightli_temple_of_fire, uniq_maggie
Temple:   oiseaux_autumnal_temple

Skill      XL: |  1  2  3  4  5  6  7  8  9 |
---------------+----------------------------+-----
Fighting       | 3 4 5 6 8 |  8.6
Polearms       | 4 5 6 7 8 9 |  9.1
Dodging        | 4 |  4.4
Armour         | 2 3 5 6 7 |  7.4
Invocations    | 2 3 |  3.2
Throwing       | |  2.0

Action                   |  1- 3 |  4- 6 |  7- 9 || total
-------------------------+-------+-------+-------++-------
Melee: Trident           |    98 |   130 |   160 ||   388
       Headbutt          |     7 |    17 |    19 ||    43
       Punch             |       |     1 |     2 ||     3
Throw: Dart              |       |     7 |     1 ||     8
       Throwing net      |       |     2 |     2 ||     4
Invok: Recall Undead Har |       |       |     2 ||     2
  Use: Scroll            |       |     8 |     8 ||    16
       Potion            |       |       |     3 ||     3
 Stab: Held in net/web   |       |     1 |       ||     1
       Sleeping          |       |       |     1 ||     1
Armor: Scale mail        |    19 |    31 |       ||    50
       Ring mail         |       |     9 |    29 ||    38
Dodge: Dodged            |    30 |    62 |    57 ||   149

Table legend: (Time is in decaauts)
 A = Elapsed time spent in this place.
 B = Non-inter-level travel time spent in this place.
 C = Inter-level travel time spent in this place.
 D = Time resting spent in this place.
 E = Time spent auto-exploring this place.
 F = Levels seen in this place.
 G = Mean time per level.
                   A        B        C        D        E       F      G
               +--------+--------+--------+--------+--------+-----+--------+
         Total |   6375 |   6093 |    282 |    428 |   4511 |   8 |  796.9 |
       Dungeon |   6263 |   6012 |    251 |    428 |   4448 |   7 |  894.7 |
        Temple |    111 |     80 |     31 |      0 |     63 |   1 |  111.0 |
               +--------+--------+--------+--------+--------+-----+--------+

Top non-repeatable levels by time:
     D:3: 1105 daAuts
     D:5: 1085 daAuts
     D:1: 899 daAuts
     D:2: 828 daAuts
     D:4: 818 daAuts
     D:6: 794 daAuts
     D:7: 732 daAuts
  Temple: 111 daAuts
